 Dungeon Crawl Stone Soup version 0.25.0-10-g039870ee82 (webtiles) character file.

Game seed: 11726228018782265523

21 Krehm the Sneak (level 2, -1/25 HPs)
             Began as a Naga Enchanter on June 23, 2020.
             Slain by an adder (3 damage)
             ... on level 2 of the Dungeon.
             The game lasted 00:06:12 (1206 turns).

Krehm the Sneak (Naga Enchanter)                    Turns: 1206, Time: 00:06:13

Health: -1/25      AC:  2    Str: 10    XL:     2   Next: 83%
Magic:  5/5        EV: 10    Int: 15    God:
Gold:   29         SH:  0    Dex: 11    Spells: 2/5 levels left

rFire    . . .     SeeInvis +   a - +1 dagger
rCold    . . .     Gourm    .   (no shield)
rNeg     . . .     Faith    .   b - +0 robe
rPois    +         Spirit   .   h - +0 helmet
rElec    .         Reflect  .   (no cloak)
rCorr    .         Harm     .   (no gloves)
MR       .....                  (no barding)
Stlth    ++........             (no amulet)
HPRegen  0.08/turn              (no ring)
MPRegen  0.09/turn              (no ring)

@: lethally poisoned (-1 -> -4), flying, very slow
A: large, see invisible, deformed body, poison resistance, slowness 2, slow
metabolism 1, spit poison 1, AC +0
a: Spit Poison


You were on level 2 of the Dungeon.
You were hungry.

You visited 1 branch of the dungeon, and saw 2 of its levels.

You collected 29 gold pieces.

Inventory:

Hand Weapons
 a - a +1 dagger (weapon)
Armour
 b - a +0 robe (worn)
 h - a +0 helmet (worn)
Jewellery
 i - an uncursed ring of fire {unknown}
Scrolls
 c - a scroll of immolation
 e - 3 scrolls of magic mapping
Potions
 j - a potion of ambrosia
Comestibles
 d - 3 rations
 f - a chunk of flesh


   Skills:
 + Level 1.1 Fighting
 - Level 1.0 Short Blades
 - Level 1.5 Dodging
 - Level 4.4 Stealth
 + Level 2.4 Spellcasting
 + Level 3.3 Hexes


You had 2 spell levels left.
You knew the following spells:

 Your Spells              Type           Power        Failure   Level  Hunger
a - Corona                Hex            ##.....      5%          1    #......
b - Ensorcelled Hibernat  Hex/Ice        #.....       16%         2    ###....

Your spell library contained the following spells:

 Spells                   Type           Power        Failure   Level  Hunger
 Confusing Touch          Hex            ##......     16%         3    ###....
 Tukima's Dance           Hex            ##......     16%         3    ###....
 Dazzling Flash           Conj/Hex       #.....       32%         3    ###....


Dungeon Overview and Level Annotations

Branches:
Dungeon (2/15)

Altars:


Innate Abilities, Weirdness & Mutations

You cannot wear boots.
Your serpentine skin is tough. (AC +0)
You have supernaturally acute eyesight. (SInv)
Armour fits poorly on your strangely shaped body.
Your system is resistant to poisons. (rPois)
You cover ground very slowly.
You have a slow metabolism.
You can spit poison.


Message History

You closely miss the adder.
The adder is severely wounded.
The adder bites you but does no damage.
You barely miss the adder.
The adder is severely wounded.
The adder bites you. The ooze completely misses you.
The ooze barely misses you. The adder bites you. The adder bites you.
The ooze hits you but does no damage. The adder bites you.
* * * LOW HITPOINT WARNING * * *
The adder bites you.
* * * LOW HITPOINT WARNING * * *
You are lethally poisoned!
The adder poisons you!
* * * LOW HITPOINT WARNING * * *
You feel sick. The adder misses you.
* * * LOW HITPOINT WARNING * * *
You feel sick. The adder bites you.
You die...

......#...#...##.#.#.#*,*,* #
......#..........#.#.#*,*,* ###
.........,#......#.#.#*,#.#####..
........#####....).#.#,,<.......#
.....................#########..#
....##....#...#.................#
.,,,*#........#Jg..............)#
,,,.......#.#.##S#....######....#
,,..####......#.@.#..............
,..,* #......#.......######.##.#
*#*** ##.........#...##.........
#.......#####.##.#...###.
*,#.##รท.......##.#.......
*,#,*#........##.#...###.
*,#.##.###.#####.#..#####
*,#..............#.......
*,#################.#####


You could see an ooze, an adder and a hobgoblin.

Vanquished Creatures
  A leopard gecko (D:1)
  A giant cockroach (D:1)
  A goblin (D:1)
  5 hobgoblins
  3 kobolds
  3 bats
  A frilled lizard (D:2)
  3 rats (D:1)
18 creatures vanquished.

Notes
Turn   | Place    | Note
-------+----------+-------------------------------------------
     0 | D:1      | Krehm the Naga Enchanter began the quest for the Orb.
     0 | D:1      | Reached XP level 1. HP: 15/15 MP: 3/3
   479 | D:1      | Reached XP level 2. HP: 23/24 MP: 5/5
   486 | D:1      | Learned a level 2 spell: Ensorcelled Hibernation
   655 | D:1      | Reached skill level 1 in Fighting
  1206 | D:2      | Slain by an adder

Illustrated notes

Levels and vault maps discovered:
D:1:      scummos_arrival_forest, layout_basic
D:2:      layout_basic, first_ration, hangedman_decor_lopped, kennysheep_boxes,
          uniq_sigmund, uniq_jessica

Skill      XL: |  1  2 |
---------------+-------+-----
Fighting       | 1 |  1.1
Short Blades   | |  1.0
Dodging        | |  1.5
Stealth        | |  4.4
Spellcasting   | |  2.4
Hexes          | |  3.3

Action                   || total
-------------------------++-------
Melee: Dagger            ||    76
 Cast: Corona            ||     7
       Ensorcelled Hiber ||     2
  Use: Scroll            ||     3
       Potion            ||     2
 Stab: Sleeping          ||     3
Armor: Robe              ||    19
Dodge: Dodged            ||    61
